 Dungeon Crawl Stone Soup version 0.21-a0-401-g0b6bec4 (webtiles) character file.

448 SCCSCCS the Skirmisher (level 6, -6/56 HPs)
             Began as a Draconian Berserker on Oct 25, 2017.
             Was an Initiate of Okawaru.
             Shot with an arrow by a centaur (10 damage)
             ... on level 5 of the Dungeon.
             The game lasted 00:15:54 (3503 turns).

SCCSCCS the Skirmisher (Draconian Berserker)        Turns: 3503, Time: 00:15:55

Health: -6/56      AC: 10    Str: 22    XL:     6   Next: 73%
Magic:  6/6        EV: 13    Int:  7    God:    Okawaru [......]
Gold:   206        SH:  0    Dex: 10    Spells: 5/5 levels left

rFire    . . .     SeeInvis .   j - +1 whip (elec)
rCold    . . .     Gourm    .   (no shield)
rNeg     . . .     Faith    .   (armour unavailable)
rPois    .         Spirit   .   (helmet restricted)
rElec    .         Reflect  .   q - +0 cloak
rCorr    .         Harm     .   t - +1 pair of gloves
MR       .....                  p - +0 pair of boots
Stlth    +.........             k - amulet of regeneration
HPRegen  0.58/turn              c - ring of flight
MPRegen  0.10/turn              m - ring of wizardry

@: no status effects
A: unfitting armour, cold-blooded, AC +6
a: Renounce Religion, Evoke Flight


You were on level 5 of the Dungeon.
You worshipped Okawaru.
Okawaru was noncommittal.
You were not hungry.

You visited 1 branch of the dungeon, and saw 5 of its levels.

You collected 206 gold pieces.

Inventory:

Hand Weapons
 a - a +0 spear
 j - a +1 whip of electrocution (weapon)
 v - a +0 long sword
Armour
 h - a +0 helmet
 p - a +0 pair of boots (worn)
 q - a +0 cloak (worn)
 t - a +1 pair of gloves (worn)
Jewellery
 c - a ring of flight (left hand)
 k - an amulet of regeneration (around neck)
 m - a ring of wizardry (right hand)
Wands
 g - a wand of flame (27/48)
 o - a wand of confusion (33/48)
Scrolls
 d - a scroll of enchant armour
 e - 2 scrolls of identify
 i - 2 scrolls of recharging
 r - 2 scrolls of remove curse
 u - a scroll of teleportation {unknown}
 x - a scroll of magic mapping {unknown}
Potions
 f - a potion of cancellation {unknown}
 n - a potion of degeneration {unknown}
 w - 2 potions of brilliance
 A - a potion of haste
Books
 y - a book of Maledictions

   Spells                             Type                      Level
   a - Corona                         Hexes                        1
   b - Ensorcelled Hibernation        Hexes/Ice                    2
   c - Confuse                        Hexes                        3
   d - Tukima's Dance                 Hexes                        3
   e - Dazzling Spray                 Conjuration/Hexes            3
Comestibles
 b - 5 bread rations
 l - 3 royal jellies
 s - a meat ration


   Skills:
 + Level 5.0 Fighting
 * Level 4.3 Maces & Flails
 - Level 3.6 Polearms
 + Level 4.1 Dodging


You had 5 spell levels left.
You didn't know any spells.

Dungeon Overview and Level Annotations

Branches:
Dungeon (5/15)
 Temple: D:4-7

Altars:
Dithmenos
Okawaru
Wu Jian
Zin


Innate Abilities, Weirdness & Mutations

Your plain brown scales are hard. (AC +6)
You cannot fit into any form of body armour.
You are cold-blooded and may be slowed by cold attacks.


Message History

You kill the ogre!
Okawaru accepts your kill.
Your Fighting skill increases to level 5!
Your Maces & Flails skill increases to level 4!
The centaur closely misses you. The shadow imp gestures at you.
Pain shoots through your body!
* * * LOW HITPOINT WARNING * * *
Okay, then.
Okay, then.
The centaur misses you.
The centaur shoots an arrow.
The arrow closely misses you.
The centaur shoots an arrow.
The arrow hits you!
* * * LOW HITPOINT WARNING * * *
You see here 2 arrows.
The centaur shoots an arrow.
The arrow hits you.
* * * LOW HITPOINT WARNING * * *
You see here an arrow.
The centaur shoots an arrow.
The arrow hits you!
You die...

.............#............
.............#.#.#########
.............###.########
.......#####.............
.#####.# #####.########
.#####..# #.# .'......#
#(# .#####... #.# .# Y#
#@# .# #(# ## #(# ..
#######.###....
......[co.'....
#######'###....
#..l5...### #.......#
#.......#


You could see a centaur, an iguana, a shadow imp and an orc.

Vanquished Creatures
  An ogre (D:5)
  The ghost of SCCSCCS the Poker, an amateur DrBe of Trog (D:3)
  A centaur zombie (D:5)
  An orc priest (D:3)
  An iguana (D:5)
  Jessica (D:4)
  A worker ant (D:4)
  Robin (D:4)
  6 adders
  A worm (D:2)
  A dart slug (D:1)
  2 leopard geckos
  2 orcs (D:3)
  A ball python (D:2)
  4 bats
  A giant cockroach (D:1)
  13 goblins
  9 hobgoblins
  8 jackals
  3 kobolds
  A frilled lizard (D:1)
  3 rats (D:1)
63 creatures vanquished.

Notes
Turn   | Place    | Note
-------+----------+-------------------------------------------
     0 | D:1      | SCCSCCS the Draconian Berserker began the quest for the Orb.
     0 | D:1      | Reached XP level 1. HP: 19/19 MP: 1/1
   238 | D:1      | Reached XP level 2. HP: 20/26 MP: 2/2
   685 | D:2      | Reached XP level 3. HP: 28/31 MP: 3/3
   950 | D:2      | Found a glowing silver altar of Zin.
  1344 | D:3      | Noticed Jessica
  1436 | D:3      | Noticed SCCSCCS's ghost (amateur DrBe)
  1448 | D:3      | Killed SCCSCCS's ghost
  1448 | D:3      | Reached skill level 4 in Fighting
  1448 | D:3      | Reached XP level 4. HP: 40/40 MP: 4/4
  1450 | D:3      | Found a shadowy altar of Dithmenos.
  1469 | D:3      | Reached XP level 5. HP: 5/46 MP: 5/5
  1472 | D:3      | Reached ** piety under Trog
  1756 | D:3      | Found an iron altar of Okawaru.
  1780 | D:3      | Fell from the grace of Trog
  1780 | D:3      | Became a worshipper of Warmaster Okawaru
  1897 | D:3      | Found an ornate altar of the Wu Jian Council.
  2134 | D:4      | Killed Jessica
  2251 | D:4      | Noticed Robin
  2284 | D:4      | Reached XP level 6. HP: 34/53 MP: 6/6
  2299 | D:4      | Killed Robin
  3174 | D:5      | Entered Level 5 of the Dungeon
  3316 | D:5      | Noticed a sky beast
  3498 | D:5      | Reached skill level 5 in Fighting
  3503 | D:5      | Shot with an arrow by a centaur

Vault maps used:
D:1:      noname_arrival_rooms_in_the_neighbourhood
D:2:      zin_statuary
D:3:      nicolae_overflow_crystal_walls, kennysheep_okawaru_gauntlet,
          lemuel_round_altar, nrook_mini_backslash, uniq_jessica
D:4:      mumra_celtic_spiral_tile, uniq_robin
D:5:      kennysheep_mini, first_bread

Skill      XL: |  1  2  3  4  5  6 |
---------------+-------------------+-----
Dodging        | 3 4 |  4.1
Fighting       | 4 5 |  5.0
Maces & Flails | 2 3 4 |  4.3
Polearms       | |  3.6

Action                   |  1- 3 |  4- 6 || total
-------------------------+-------+-------++-------
Melee: Spear             |    52 |       ||    52
       Tailslap          |    10 |    18 ||    28
       Whip              |    29 |   133 ||   162
Invok: Berserk           |     2 |       ||     2
 Abil: Evoke Flight      |       |     1 ||     1
  Use: Potion            |       |     3 ||     3
       Scroll            |       |     8 ||     8
  Eat: Chunk             |     3 |     4 ||     7
       Fruit             |       |     4 ||     4
Armor: Skin              |    32 |    68 ||   100
Dodge: Dodged            |    55 |   143 ||   198

Table legend:
 A = Spawn XP
 B = Non-spawn XP
 C = Spawn XP percentage of total XP
 D = Spawn monster count
 E = Non-spawn monster count
 F = Spawn count percentage of total count
 G = Total turns spent on level
                    A         B        C        D         E        F      G
               +---------+---------+-------+---------+---------+-------+---------
         Total |       0 |     641 |   0.0 |       0 |      63 |   0.0 |  3503
               +---------+---------+-------+---------+---------+-------+---------
           D:1 |       0 |      25 |   0.0 |       0 |      14 |   0.0 |   572
           D:2 |       0 |      37 |   0.0 |       0 |       7 |   0.0 |   680
           D:3 |       0 |     219 |   0.0 |       0 |      17 |   0.0 |   800
           D:4 |       0 |     122 |   0.0 |       0 |      20 |   0.0 |  1122
           D:5 |       0 |     238 |   0.0 |       0 |       5 |   0.0 |   329
               +---------+---------+-------+---------+---------+-------+---------
